 Dungeon Crawl Stone Soup version 0.17.0-1-g61d176b (console) character file.

32 gw the Magician (level 3, -1/26 HPs)
             Began as a Human Wizard on Nov 7, 2015.
             Slain by a worm (11 damage)
             ... on level 2 of the Dungeon.
             The game lasted 00:01:53 (2302 turns).

gw the Magician (Human Wizard)                      Turns: 2302, Time: 00:01:53

Health: -1/26      AC:  2    Str:  7    XL:     3   Next: 45%
Magic:  0/7        EV: 12    Int: 19    God:
Gold:   76         SH:  0    Dex: 11    Spells: 1 memorised, 7 levels left

rFire  . . .     SeeInvis .     a - +0 whip
rCold  . . .     Clarity  .     e - +0 robe
rNeg   + . .     SustAt   .     (no shield)
rPois  .         Gourm    .     b - +0 hat
rElec  .         Spirit   .     (no cloak)
rCorr  .         Warding  +     (no gloves)
rMut   .         Stasis   .     (no boots)
MR     .....                    f - amulet of warding
Stlth  ++........               (no ring)
                                (no ring)

@: very slightly contaminated, not resistant to hostile enchantments, unstealthy
A: no striking features
a: no special abilities


You were on level 2 of the Dungeon.
You were not hungry.

You visited 1 branch of the dungeon, and saw 2 of its levels.

You collected 76 gold pieces.

Inventory:

Hand Weapons
 a - a +0 whip (weapon)
Armour
 b - a +0 hat (worn)
 e - a +0 robe (worn)
Jewellery
 f - an amulet of warding (around neck)
Books
 c - a book of Minor Magic

   Spells                             Type                      Level
   a - Magic Dart                     Conjuration                  1
   b - Blink                          Translocation                2
   c - Call Imp                       Summoning                    2
   d - Repel Missiles                 Charms/Air                   2
   e - Slow                           Hexes                        2
   f - Conjure Flame                  Conjuration/Fire             3
   g - Mephitic Cloud                 Conjuration/Poison/Air       3
Comestibles
 d - 5 bread rations


   Skills:
 * Level 1.4 Fighting
 + Level 0.6 Maces & Flails
 + Level 1.1 Armour
 - Level 2.0 Dodging
 - Level 2.0 Stealth
 + Level 3.3 Spellcasting
 - Level 1.0 Conjurations
   Level 1.0 Summonings
   Level 1.0 Translocations


You had 7 spell levels left.
You knew the following spells:

 Your Spells              Type           Power        Failure   Level  Hunger
a - Magic Dart            Conj           #...         12%         1    None


Dungeon Overview and Level Annotations

Branches:
Dungeon (2/15)

Altars:


Message History

Unknown command.
Unknown command.
Unknown command.
Unknown command.
ATTACKING (-1,1)
You hit the worm but do no damage.
The worm is severely wounded.
Unknown command.
Unknown command.
Unknown command.
Unknown command.
Casting: Magic Dart
Confirm with . or Enter, or press ? or * to list all spells.
Aiming: Magic Dart
Press: ? - help, Shift-Dir - straight line, f/p - worm
Aim: a worm (severely wounded)
The magic dart hits the worm.
The worm is almost dead.
The worm bites you!
You die...

#..# #.# ## #..#
#.# ..# #..# #.#
#.# #>.####.# #.#
#...(...# #.#
##..##..#### #.#
##.##......
####.#####.###.####
#.p............#
#w##.#####.##### #.
#.# #.# #. #.# #.#
#> #[#####.# #.
#.......# #.
######### ..


You could see a worm.

Table legend:
 A = Turns spent in this place as a percentage of turns spent in the entire game.
 B = Non-inter-level travel turns spent in this place as a percentage of non-inter-level travel turns spent in the entire game.
 C = Inter-level travel turns spent in this place as a percentage of turns spent in this place.
 D = Turns resting spent in this place as a percentage of non-inter-level travel turns spent in this place.
 E = Turns spent auto-exploring this place as a percentage of non-inter-level travel turns spent in this place.
 F = Non-inter-level travel turns spent in this place divided by the number of levels of this place that you've seen.
                   A       B       C       D       E      F
               +-------+-------+-------+-------+-------+----------------------
         Total | 100.0 | 100.0 |   0.5 |   3.0 |   2.7 | 1296.0
       Dungeon | 100.0 | 100.0 |   0.5 |   3.0 |   2.7 | 1296.0
               +-------+-------+-------+-------+-------+----------------------

Table legend:
 A = Kills in this place as a percentage of kills in entire the game.
 B = Kills by you in this place as a percentage of kills by you in the entire game.
 C = Kills by friends in this place as a percentage of kills by friends in the entire game.
 D = Other kills in this place as a percentage of other kills in the entire game.
 E = Experience gained in this place as a percentage of experience gained in the entire game.
 F = Experience gained in this place divided by the number of levels of this place that you have seen.
                   A       B       C       D       E      F
               +-------+-------+-------+-------+-------+----------------------
         Total | 100.0 | 100.0 |  -nan |  -nan | 100.0 |  23.5
       Dungeon | 100.0 | 100.0 |  -nan |  -nan | 100.0 |  23.5
               +-------+-------+-------+-------+-------+----------------------

Vanquished Creatures
  A worm (D:2)
  4 hobgoblins (D:1)
  5 bats (D:1)
  3 giant cockroaches
  2 giant geckos (D:1)
  2 giant newts (D:1)
  3 goblins
  3 kobolds
  6 rats (D:1)
29 creatures vanquished.

Notes
Turn   | Place    | Note
--------------------------------------------------------------
     0 | D:1      | gw the Human Wizard began the quest for the Orb.
     0 | D:1      | Reached XP level 1. HP: 13/13 MP: 4/4
   602 | D:1      | Reached XP level 2. HP: 20/20 MP: 3/6
   922 | D:1      | Reached skill level 1 in Fighting
  1399 | D:1      | Reached XP level 3. HP: 11/26 MP: 0/7
  1733 | D:1      | Reached skill level 1 in Armour
  2302 | D:2      | Slain by a worm

Action                   || total
-------------------------++-------
Melee: Club              ||    27
       Whip              ||    11
 Cast: Magic Dart        ||    93
  Eat: Chunk             ||     4

Vault maps used:
D:1:      dpeg_arrival_oval
D:2:      uniq_robin
